 Dungeon Crawl Stone Soup version 0.31-a0-150-g89dc3ad700 (webtiles) character file.

Game seed: 15523503381909201607

68 pokeman the Magician (level 4, -2/25 HPs)
             Began as a Deep Elf Hedge Wizard on June 8, 2023.
             Slain by an orc
             ... wielding a +2 dagger of electrocution
              (4 damage)
             ... on level 2 of the Dungeon.
             The game lasted 00:03:35 (1847 turns).

pokeman the Magician (Deep Elf Hedge Wizard)        Turns: 1847, Time: 00:03:37

Health: -2/25      AC:  2    Str:  7    XL:     4   Next: 1%
Magic:  6/13       EV: 12    Int: 21    God:
Gold:   43         SH:  0    Dex: 14    Spells: 6/14 levels left

rFire   . . .        n - +4 whip
rCold   . . .        (no shield)
rNeg    . . .        b - +0 robe
rPois   .            c - +0 hat
rElec   .            (no cloak)
rCorr   .            (no gloves)
SInv    .            (no boots)
Will    .....        (no amulet)
Stlth   ++           (no ring)
HPRegen 0.24/turn    (no ring)
MPRegen 0.13/turn

%: no passive effects
@: very slightly contaminated
A: no striking features
a: no special abilities


You were on level 2 of the Dungeon.
You visited 1 branch of the dungeon, and saw 2 of its levels.

You collected 43 gold pieces.

Inventory:

Hand Weapons
 n - a +4 whip (weapon)
Missiles
 m - 2 throwing nets
Armour
 b - a +0 robe (worn)
 c - a +0 hat (worn)
Jewellery
 i - a +4 ring of protection
 k - a ring of ice
Scrolls
 f - 2 scrolls of immolation {unknown}
 g - a scroll of amnesia {unknown}
 h - 2 scrolls of identify {unknown}
 j - a scroll of teleportation {unknown}
 l - a scroll of enchant armour {unknown}
Potions
 d - a potion of magic
 e - 2 potions of might {unknown}


   Skills:
 - Level 1.0 Fighting
 - Level 1.0 Armour
 + Level 2.5 Dodging
 + Level 2.5 Stealth
 * Level 5.5 Spellcasting
 + Level 2.1 Conjurations
 - Level 1.1 Summonings
 - Level 1.1 Translocations


You had 6 spell levels left.
You knew the following spells:

 Your Spells              Type           Power      Damage    Failure   Level
a - Magic Dart            Conj           56%        1d5       4%          1
b - Mephitic Cloud        Conj/Pois/Air  8%         N/A       24%         3
c - Call Imp              Summ           20%        N/A       10%         2
d - Blink                 Tloc           20%        N/A       10%         2

Your spell library contained the following spells:

 Spells                   Type           Power      Damage    Failure   Level
 Slow                     Hex            20%        N/A       11%         1
 Cigotuvi's Dreadful Rot  Necr/Pois/Air  10%        N/A       16%         2


Dungeon Overview and Level Annotations

Branches:
Dungeon (2/15)

Altars:

Shops:
D:1 !


Message History

Confirm with . or Enter, or press ? or * to list all spells.
Aiming: Magic Dart (safe; 4% risk of failure)
Press: ? - help, Shift-Dir - straight line, f/p - orc
Aim: an orc, wielding a +0 dagger and wearing a +0 chain mail (lightly wounded, 100% to hit)
The magic dart hits the orc but does no damage.
The orc is lightly wounded.
The orc hits you but does no damage.
You hit the orc but do no damage.
The orc is lightly wounded.
The orc barely misses you. The orc hits you with a +0 dagger.
You hit the orc.
The orc is severely wounded.
The orc misses you.
You hit the orc.
You kill the orc!
You have reached level 4!
You feel clever.
Things that are here:
a +0 dagger; a +0 chain mail; an orc corpse
There is a large open door here.
There is a large open door here.
The orc complains loudly.
The orc barely misses you.
You hit the orc but do no damage.
The orc hits you with a +2 dagger of electrocution.
You are electrocuted!!
Ouch! That really hurt!
* * * LOW HITPOINT WARNING * * *
You hit the orc.
The orc is heavily wounded.
The orc hits you with a +2 dagger of electrocution.
* * * LOW HITPOINT WARNING * * *
The orc attacks as you move away! The orc completely misses you.
Casting: Magic Dart (safe; 4% risk of failure)
Confirm with . or Enter, or press ? or * to list all spells.
You miscast Blink.
You are very lightly contaminated with residual magic.
Nothing appears to happen.
The orc hits you with a +2 dagger of electrocution.
You die...

######.## #.#.##.##.#
#...# ##.....##
#8.8'...### #...#
.....###
#.#.##.#######...#
..<..### ##.#####
#.......# .......#
#8.8# #####...#
.....### ##.## #>..#
..##...# #.#.# ###
#...# .......#
##.###..## #...####
...##### #.#@..8.#
###.#... ##.###.#
+.'#o...#### #.#...
.......#
+.'#....#..####.#...
##.###.#
#)#...8.#...........
##.##
##.###..##.......#...
.#..#### #.#.#
#########..#...
....#..## ##.##
##...###.....
........## #'#
##.##.).......
.........## ##.##
##..######.##..


You could see an orc.

Vanquished Creatures
  3 gnolls (D:2)
  2 dart slugs
  An orc (D:2)
  2 ball pythons
  3 endoplasms
  2 giant cockroaches
  A goblin (D:1)
  3 hobgoblins
  2 jackals (D:1)
  3 quokkas (D:1)
  2 bats (D:1)
  A frilled lizard (D:2)
  4 kobolds
  5 rats
34 creatures vanquished.

Notes
Turn   | Place    | Note
-------+----------+-------------------------------------------
     0 | D:1      | pokeman the Deep Elf Hedge Wizard began the quest for the
                  | Orb.
     0 | D:1      | Reached XP level 1. HP: 10/10 MP: 7/7
   134 | D:1      | Found Xiesim's Distillery.
   347 | D:1      | Reached XP level 2. HP: 16/16 MP: 2/9
   953 | D:1      | Reached skill level 5 in Spellcasting
  1255 | D:2      | Reached XP level 3. HP: 20/20 MP: 5/11
  1259 | D:2      | Learned a level 3 spell: Mephitic Cloud
  1262 | D:2      | Learned a level 2 spell: Call Imp
  1265 | D:2      | Learned a level 2 spell: Blink
  1544 | D:2      | Reached skill level 1 in Fighting
  1544 | D:2      | Reached skill level 1 in Armour
  1839 | D:2      | Reached XP level 4. HP: 24/25 MP: 7/13
  1847 | D:2      | Slain by an orc

Illustrated notes

Levels and vault maps discovered:
D:1:      lemuel_arrival_behind_the_door_small, layout_loops_cross,
          serial_shops, nicolae_shop_tiny_glass
D:2:      layout_rooms, serial_rivers, chequers_serial_rivers_large_b,
          chequers_serial_rivers_marsh, chequers_serial_rivers_micro_c,
          chequers_serial_rivers_room_b, wad_orctagon

Skill      XL: |  1  2  3 |
---------------+----------+-----
Spellcasting   | 5 |  5.5
Fighting       | 1 |  1.0
Armour         | 1 |  1.0
Conjurations   | 2 |  2.1
Dodging        | |  2.5
Stealth        | |  2.5
Summonings     | |  1.1
Translocations | |  1.1

Action                     |  1- 3 |  4- 6 || total
---------------------------+-------+-------++-------
  Melee: Whip              |     3 |     2 ||     5
         Dagger            |     3 |       ||     3
   Cast: Magic Dart        |    98 |       ||    98
         Mephitic Cloud    |     2 |       ||     2
 Armour: Robe              |     4 |       ||     4
  Dodge: Dodged            |    18 |     2 ||    20

Table legend: (Time is in decaauts)
 A = Elapsed time spent in this place.
 B = Non-inter-level travel time spent in this place.
 C = Inter-level travel time spent in this place.
 D = Time resting spent in this place.
 E = Time spent auto-exploring this place.
 F = Levels seen in this place.
 G = Mean time per level.
                   A        B        C        D        E       F      G
               +--------+--------+--------+--------+--------+-----+--------+
         Total |   1879 |   1859 |     20 |     97 |   1431 |   2 |  939.5 |
       Dungeon |   1879 |   1859 |     20 |     97 |   1431 |   2 |  939.5 |
               +--------+--------+--------+--------+--------+-----+--------+

Top non-repeatable levels by time:
     D:1: 1068 daAuts
     D:2: 811 daAuts
